| TOP OF THE 1ST |
|
Mississippi Braves batting - Pitching for Biloxi Shuckers : RHP Zach Green
|
|
Pitching: RHP Zach Green
|
|
|
Batting: RHB Elias Vences
|
0-0: Foul Ball, location: 2F 0-1: Ball 1-1: Ground out 4-3 (Groundball, 4M, EV 100.6 MPH)
|
|
Batting: RHB Paul Landes
|
0-0: Swinging Strike 0-1: Ball 1-1: Ball 2-1: Called Strike 2-2: Ground out 6-3 (Groundball, 6, EV 86.2 MPH)
|
|
Batting: LHB Art D'Ascenzo
|
0-0: Ball 1-0: Ball 2-0: Ground out 6-3 (Groundball, 4M, EV 108.1 MPH)
|
| Top of the 1st over - 0 runs, 0 hits, 0 errors, 0 left on base; Mississippi 0 - Biloxi 0 |
| BOTTOM OF THE 1ST |
|
Biloxi Shuckers batting - Pitching for Mississippi Braves : RHP Thomas Crowner
|
|
Pitching: RHP Thomas Crowner
|
|
|
Batting: SHB Aaron Neill
|
0-0: Ball 1-0: Ball 2-0: Called Strike 2-1: Ground out 5-3 (Groundball, 56, EV 84.4 MPH)
|
|
Batting: LHB Jason Raker
|
0-0: Ball 1-0: SINGLE (Line Drive, 89S, EV 100.0 MPH)
|
|
Batting: SHB Justin Hensley
|
0-0: Called Strike Jason Raker steals 2nd base 0-1: Ground out 4-3 (Groundball, 4, EV 80.6 MPH) Jason Raker to third
|
|
Batting: LHB Karel Hort
|
0-0: Swinging Strike 0-1: Foul Ball, location: 2F 0-2: Ball 1-2: Strikes out looking
|
| Bottom of the 1st over - 0 runs, 1 hit, 0 errors, 1 left on base; Mississippi 0 - Biloxi 0 |
| TOP OF THE 2ND |
|
Mississippi Braves batting - Pitching for Biloxi Shuckers : RHP Zach Green
|
|
Batting: RHB Luis Restrepo
|
0-0: Called Strike 0-1: Ground out 6-3 (Groundball, 6, EV 105.0 MPH)
|
|
Batting: RHB Eddie McCoy
|
0-0: Foul Ball, location: 2F 0-1: Fly out, F9 (Line Drive, 9, EV 92.5 MPH)
|
|
Batting: LHB Luis Cruz
|
0-0: Called Strike 0-1: Ground out 4-3 (Groundball, 4M, EV 83.1 MPH)
|
| Top of the 2nd over - 0 runs, 0 hits, 0 errors, 0 left on base; Mississippi 0 - Biloxi 0 |
| BOTTOM OF THE 2ND |
|
Biloxi Shuckers batting - Pitching for Mississippi Braves : RHP Thomas Crowner
|
|
Batting: RHB Hector Silva
|
0-0: Ball 1-0: Ball 2-0: Ball 3-0: Base on Balls
|
|
Batting: LHB Rick Campbell
|
0-0: Ball 1-0: Foul Ball, location: 2F 1-1: SINGLE (Groundball, 6S, EV 62.5 MPH) (infield hit) Hector Silva to second
|
|
Batting: RHB Brian Landrum
|
0-0: Ball 1-0: Ball 2-0: Called Strike 2-1: SINGLE (Groundball, 56S, EV 75.6 MPH) (infield hit) Hector Silva to third Rick Campbell to second
|
|
Batting: SHB Nick Chandler
|
0-0: Foul Ball, location: 2F 0-1: Ball 1-1: Ball 2-1: Called Strike 2-2: Ball 3-2: Fly out, F6 (Line Drive, 6, EV 70.0 MPH)
|
|
Batting: RHB Leo Serrano
|
0-0: Called Strike 0-1: Swinging Strike 0-2: Strikes out swinging
|
|
Batting: SHB Aaron Neill
|
0-0: Ball 1-0: Foul Ball, location: 2F 1-1: Ball 2-1: Ball 3-1: Foul Ball, location: 2F 3-2: Base on Balls Hector Silva scores Rick Campbell to third Brian Landrum to second
|
|
Batting: LHB Jason Raker
|
0-0: Ball 1-0: Fly out, F7 (Flyball, 7, EV 84.4 MPH)
|
| Bottom of the 2nd over - 1 run, 2 hits, 0 errors, 3 left on base; Mississippi 0 - Biloxi 1 |
| TOP OF THE 3RD |
|
Mississippi Braves batting - Pitching for Biloxi Shuckers : RHP Zach Green
|
|
Batting: RHB Tim Molchan
|
0-0: Called Strike 0-1: Foul Ball, location: 2F 0-2: Ball 1-2: Ball 2-2: Ground out 4-3 (Groundball, 4S, EV 76.2 MPH)
|
|
Batting: SHB Jose Melendez
|
0-0: Called Strike 0-1: DOUBLE (Groundball, 5L, EV 102.5 MPH)
|
|
Batting: RHB Gerard Michel
|
0-0: Swinging Strike 0-1: Ball Jose Melendez steals 3rd base 1-1: Ball 2-1: Swinging Strike 2-2: Ground out 6-3 (Groundball, 6, EV 80.6 MPH) Jose Melendez scores
|
|
Batting: RHB Elias Vences
|
0-0: Ball 1-0: Swinging Strike 1-1: Ball 2-1: Ball 3-1: Base on Balls
|
|
Batting: RHB Paul Landes
|
0-0: Called Strike 0-1: Swinging Strike 0-2: Ball 1-2: Strikes out swinging
|
| Top of the 3rd over - 1 run, 1 hit, 0 errors, 1 left on base; Mississippi 1 - Biloxi 1 |
| BOTTOM OF THE 3RD |
|
Biloxi Shuckers batting - Pitching for Mississippi Braves : RHP Thomas Crowner
|
|
Batting: SHB Justin Hensley
|
0-0: Foul Ball, location: 2F 0-1: Foul Ball, location: 2F 0-2: Foul Ball, location: 2F 0-2: Foul Ball, location: 2F 0-2: Ball 1-2: SOLO HOME RUN (Flyball, 9D, EV 101.2 MPH), Distance : 389 ft
|
|
Batting: LHB Karel Hort
|
0-0: Ball 1-0: Ball 2-0: Ball 3-0: Base on Balls
|
|
Batting: RHB Hector Silva
|
0-0: Called Strike 0-1: Ball 1-1: Foul Ball, location: 2F 1-2: Foul Ball, location: 2F 1-2: SINGLE (Groundball, 56D, EV 96.9 MPH) Karel Hort to second
|
|
Batting: LHB Rick Campbell
|
0-0: Called Strike 0-1: Ball 1-1: Fielders Choice at 2nd, 6-4 (Groundball, 6S, EV 90.0 MPH) Karel Hort to third
|
|
Batting: RHB Brian Landrum
|
0-0: Ball 1-0: Ball Rick Campbell steals 2nd base 2-0: Called Strike 2-1: SINGLE (Groundball, 6MD, EV 104.4 MPH) Karel Hort scores Rick Campbell to third
|
|
Batting: SHB Nick Chandler
|
0-0: Ball Brian Landrum steals 2nd base 1-0: Ball 2-0: Ball 3-0: Base on Balls
|
|
Batting: RHB Leo Serrano
|
0-0: Called Strike 0-1: Called Strike 0-2: Ball 1-2: Strikes out looking
|
|
Batting: SHB Aaron Neill
|
0-0: Called Strike 0-1: Ball 1-1: Foul Ball, location: 2F 1-2: SINGLE (Line Drive, 9S, EV 99.4 MPH) Rick Campbell scores Brian Landrum to third Nick Chandler to second Runner from 3rd tries for Home, SAFE, throw by RF to home
|
|
Batting: LHB Jason Raker
|
0-0: Swinging Strike 0-1: Ball 1-1: Foul Ball, location: 2F 1-2: Fly out, F4 (Line Drive, 4, EV 68.8 MPH)
|
| Bottom of the 3rd over - 4 runs, 4 hits, 0 errors, 2 left on base; Mississippi 1 - Biloxi 5 |
| TOP OF THE 4TH |
|
Mississippi Braves batting - Pitching for Biloxi Shuckers : RHP Zach Green
|
|
Batting: LHB Art D'Ascenzo
|
0-0: Ball 1-0: Called Strike 1-1: Ball 2-1: Ball 3-1: Swinging Strike 3-2: Strikes out looking
|
|
Batting: RHB Luis Restrepo
|
0-0: Ground out 4-3 (Groundball, 4, EV 77.5 MPH)
|
|
Batting: RHB Eddie McCoy
|
0-0: Called Strike 0-1: Ball 1-1: Foul Ball, location: 2F 1-2: Strikes out looking
|
| Top of the 4th over - 0 runs, 0 hits, 0 errors, 0 left on base; Mississippi 1 - Biloxi 5 |
| BOTTOM OF THE 4TH |
|
Biloxi Shuckers batting - Pitching for Mississippi Braves : RHP Thomas Crowner
|
|
Pitching: RHP Chris Hawkins
|
|
|
Batting: SHB Justin Hensley
|
0-0: Swinging Strike 0-1: Fly out, F9 (Flyball, 9LSF, EV 91.9 MPH)
|
|
Batting: LHB Karel Hort
|
0-0: Called Strike 0-1: Ball 1-1: Called Strike 1-2: Ball 2-2: Ball 3-2: Ground out 4-3 (Groundball, 4, EV 80.0 MPH)
|
|
Batting: RHB Hector Silva
|
0-0: Ball 1-0: Foul Ball, location: 2F 1-1: Foul Ball, location: 2F 1-2: Ball 2-2: Strikes out swinging
|
| Bottom of the 4th over - 0 runs, 0 hits, 0 errors, 0 left on base; Mississippi 1 - Biloxi 5 |
| TOP OF THE 5TH |
|
Mississippi Braves batting - Pitching for Biloxi Shuckers : RHP Zach Green
|
|
Batting: LHB Luis Cruz
|
0-0: Ball 1-0: Called Strike 1-1: Ball 2-1: Foul Ball, location: 2F 2-2: Strikes out swinging
|
|
Batting: RHB Tim Molchan
|
0-0: Ground out 6-3 (Groundball, 56, EV 85.6 MPH)
|
|
Batting: SHB Jose Melendez
|
0-0: Ball 1-0: Ball 2-0: Called Strike 2-1: Ball 3-1: Ground out 6-3 (Groundball, 6, EV 104.4 MPH)
|
| Top of the 5th over - 0 runs, 0 hits, 0 errors, 0 left on base; Mississippi 1 - Biloxi 5 |
| BOTTOM OF THE 5TH |
|
Biloxi Shuckers batting - Pitching for Mississippi Braves : RHP Chris Hawkins
|
|
Batting: LHB Rick Campbell
|
0-0: Ball 1-0: Ball 2-0: Ball 3-0: Base on Balls
|
|
Batting: RHB Brian Landrum
|
0-0: Ball 1-0: Ball 2-0: Ball 3-0: Called Strike 3-1: Swinging Strike 3-2: Strikes out swinging Rick Campbell steals 2nd base (no throw) Batter strikes out.
|
|
Batting: SHB Nick Chandler
|
0-0: Swinging Strike 0-1: Foul Ball, location: 2F 0-2: Strikes out swinging
|
|
Batting: RHB Leo Serrano
|
0-0: Called Strike 0-1: Foul Ball, location: 2F 0-2: Ball 1-2: Ball 2-2: Ball 3-2: Foul Ball, location: 2F 3-2: Base on Balls
|
|
Batting: SHB Aaron Neill
|
0-0: Ball 1-0: Swinging Strike 1-1: SINGLE (Line Drive, 34, EV 98.1 MPH) Rick Campbell to third Leo Serrano to second Runner from 3rd tries for Home, SAFE, throw by RF to home
|
|
Batting: LHB Jason Raker
|
0-0: Ball 1-0: Ball 2-0: Ball 3-0: Base on Balls Leo Serrano to third Aaron Neill to second
|
|
Batting: SHB Justin Hensley
|
0-0: Ball 1-0: Ground out 3-1 (Groundball, 34S, EV 65.6 MPH)
|
| Bottom of the 5th over - 1 run, 1 hit, 0 errors, 3 left on base; Mississippi 1 - Biloxi 6 |
| TOP OF THE 6TH |
|
Mississippi Braves batting - Pitching for Biloxi Shuckers : RHP Zach Green
|
|
Batting: RHB Gerard Michel
|
0-0: Ball 1-0: Fly out, F8 (Flyball, 8LD, EV 93.1 MPH)
|
|
Batting: RHB Elias Vences
|
0-0: Ball 1-0: Foul Ball, location: 2F 1-1: Foul Ball, location: 2F 1-2: Foul Ball, location: 2F 1-2: Ball 2-2: SINGLE (Groundball, 4MD, EV 97.5 MPH)
|
|
Batting: RHB Paul Landes
|
0-0: Called Strike 0-1: Ball 1-1: Ground out 5-3 (Groundball, 56S, EV 67.5 MPH) Elias Vences to second
|
|
Batting: LHB Art D'Ascenzo
|
0-0: Ball 1-0: Ball 2-0: SINGLE (Groundball, 56, EV 94.4 MPH) Elias Vences to third Runner from 3rd tries for Home, SAFE, throw by LF to home Art D'Ascenzo to second
|
|
Batting: RHB Luis Restrepo
|
0-0: Called Strike 0-1: Swinging Strike 0-2: Ball 1-2: Ball 2-2: Ball 3-2: Ground out 5-3 (Groundball, 5, EV 90.6 MPH)
|
| Top of the 6th over - 1 run, 2 hits, 0 errors, 1 left on base; Mississippi 2 - Biloxi 6 |
| BOTTOM OF THE 6TH |
|
Biloxi Shuckers batting - Pitching for Mississippi Braves : RHP Chris Hawkins
|
|
Batting: LHB Karel Hort
|
0-0: Ball 1-0: Ground out 5-3 (Groundball, 6, EV 85.6 MPH)
|
|
Batting: RHB Hector Silva
|
0-0: DOUBLE (Line Drive, 9LM, EV 96.2 MPH)
|
|
Batting: LHB Rick Campbell
|
0-0: Intentional Walk
|
|
Pitching: RHP Ioakim Mozgo
|
|
|
Batting: RHB Brian Landrum
|
0-0: Ball 1-0: Ball 2-0: Ball 3-0: Foul Ball, location: 2F 3-1: Base on Balls Hector Silva to third Rick Campbell to second
|
|
Batting: SHB Nick Chandler
|
0-0: Called Strike 0-1: Foul Ball, location: 2F 0-2: Ball 1-2: Grounds into fielders choice 5-2 (Groundball, 56, EV 81.2 MPH) Rick Campbell to third Brian Landrum to second
|
|
Batting: RHB Leo Serrano
|
0-0: Ball 1-0: Called Strike 1-1: Fly out, F9 (Flyball, 9, EV 91.2 MPH)
|
| Bottom of the 6th over - 0 runs, 1 hit, 0 errors, 3 left on base; Mississippi 2 - Biloxi 6 |
| TOP OF THE 7TH |
|
Mississippi Braves batting - Pitching for Biloxi Shuckers : RHP Zach Green
|
|
Batting: RHB Eddie McCoy
|
0-0: Called Strike 0-1: Foul Ball, location: 2F 0-2: Ball 1-2: Foul Ball, location: 2F 1-2: Foul Ball, location: 2F 1-2: Fly out, F8 (Flyball, 8RD, EV 83.1 MPH)
|
|
Batting: LHB Luis Cruz
|
0-0: Foul Ball, location: 2F 0-1: Fly out, F7 (Flyball, 7, EV 90.0 MPH)
|
|
Batting: RHB Tim Molchan
|
0-0: Ball 1-0: Called Strike 1-1: Ball 2-1: Ball 3-1: Reached on error, E7 (Flyball, 7, EV 78.1 MPH)
|
|
Pitching: RHP Josh Pelletier
|
|
|
Batting: SHB Jose Melendez
|
0-0: DOUBLE (Line Drive, 9LM, EV 106.2 MPH) Tim Molchan scores
|
|
Batting: RHB Gerard Michel
|
0-0: Called Strike 0-1: Ball 1-1: Ground out 5-3 (Groundball, 56, EV 108.1 MPH)
|
| Top of the 7th over - 1 run, 1 hit, 1 error, 1 left on base; Mississippi 3 - Biloxi 6 |
| BOTTOM OF THE 7TH |
|
Biloxi Shuckers batting - Pitching for Mississippi Braves : RHP Ioakim Mozgo
|
|
Pitching: RHP Andy Britton
|
|
|
Batting: SHB Aaron Neill
|
0-0: Fly out, F9 (Line Drive, 9S, EV 92.5 MPH)
|
|
Batting: LHB Jason Raker
|
0-0: Called Strike 0-1: Ball 1-1: Ball 2-1: Foul Ball, location: 2F 2-2: Ball 3-2: Base on Balls
|
|
Batting: SHB Justin Hensley
|
0-0: Ball 1-0: Foul Ball, location: 2F 1-1: Ball 2-1: Called Strike Jason Raker steals 2nd, throwing error, E2 Jason Raker to third 2-2: Foul Ball, location: 2F 2-2: Foul Ball, location: 2F 2-2: Ball 3-2: Intentional Walk
|
|
Batting: LHB Karel Hort
|
0-0: Foul Ball, location: 2F 0-1: Ball 1-1: Swinging Strike 1-2: Foul Ball, location: 2F 1-2: Ball 2-2: Ball 3-2: Strikes out swinging
|
|
Pitching: RHP Rashid bin Ala'
|
|
|
Batting: RHB Hector Silva
|
0-0: Ball 1-0: Called Strike 1-1: Called Strike 1-2: Ball Justin Hensley steals 2nd base 2-2: Foul Ball, location: 2F 2-2: Ground out U3 (Groundball, 34, EV 77.5 MPH)
|
| Bottom of the 7th over - 0 runs, 0 hits, 1 error, 2 left on base; Mississippi 3 - Biloxi 6 |
| TOP OF THE 8TH |
|
Mississippi Braves batting - Pitching for Biloxi Shuckers : RHP Josh Pelletier
|
|
Batting: RHB Elias Vences
|
0-0: Ball 1-0: Called Strike 1-1: Ball 2-1: Ball 3-1: Base on Balls
|
|
Batting: RHB Paul Landes
|
0-0: Foul Ball, location: 2F 0-1: Ball 1-1: Swinging Strike 1-2: Foul Ball, location: 2F 1-2: Strikes out swinging
|
|
Batting: LHB Art D'Ascenzo
|
0-0: Ball 1-0: Called Strike 1-1: Swinging Strike 1-2: Ball 2-2: Foul Ball, location: 2F 2-2: Fly out, F9 (Flyball, 9LM, EV 87.5 MPH)
|
|
Batting: RHB Luis Restrepo
|
0-0: Ball 1-0: Foul Ball, location: 2F 1-1: Foul Ball, location: 2F 1-2: Ball 2-2: Ground out U3 (Groundball, 3, EV 100.0 MPH)
|
| Top of the 8th over - 0 runs, 0 hits, 0 errors, 1 left on base; Mississippi 3 - Biloxi 6 |
| BOTTOM OF THE 8TH |
|
Biloxi Shuckers batting - Pitching for Mississippi Braves : RHP Rashid bin Ala'
|
|
Batting: LHB Rick Campbell
|
0-0: Called Strike 0-1: SOLO HOME RUN (Flyball, 9D, EV 95.6 MPH), Distance : 378 ft
|
|
Batting: RHB Brian Landrum
|
0-0: Swinging Strike 0-1: Ball 1-1: Ball 2-1: Swinging Strike 2-2: Strikes out swinging
|
|
Batting: SHB Nick Chandler
|
0-0: Called Strike 0-1: Foul Ball, location: 2F 0-2: Foul Ball, location: 2F 0-2: Foul Ball, location: 2F 0-2: Fly out, F7 (Flyball, 7S, EV 96.9 MPH)
|
|
Batting: RHB Leo Serrano
|
0-0: Ball 1-0: Called Strike 1-1: Ball 2-1: Called Strike 2-2: Ball 3-2: Base on Balls
|
|
Pitching: RHP Gordon Cushing
|
|
|
Batting: SHB Aaron Neill
|
0-0: Foul Ball, location: 2F 0-1: Ball 1-1: Called Strike 1-2: Ball 2-2: Foul Ball, location: 2F 2-2: Ball 3-2: Foul Ball, location: 2F 3-2: Strikes out swinging
|
| Bottom of the 8th over - 1 run, 1 hit, 0 errors, 1 left on base; Mississippi 3 - Biloxi 7 |
| TOP OF THE 9TH |
|
Mississippi Braves batting - Pitching for Biloxi Shuckers : RHP Josh Pelletier
|
|
Pitching: LHP Brian Rich
|
|
|
Batting: RHB Eddie McCoy
|
0-0: Ball 1-0: Ball 2-0: Foul Ball, location: 2F 2-1: Foul Ball, location: 2F 2-2: Ball 3-2: Ground out 5-3 (Groundball, 56, EV 78.1 MPH)
|
|
Pinch Hitting: RHB Hieronim Rutkowski
|
0-0: Called Strike 0-1: Ball 1-1: Fly out, F8 (Flyball, 8LM, EV 87.5 MPH)
|
|
Batting: RHB Tim Molchan
|
0-0: Called Strike 0-1: Swinging Strike 0-2: Strikes out swinging
|
| Top of the 9th over - 0 runs, 0 hits, 0 errors, 0 left on base; Mississippi 3 - Biloxi 7 |
|